woodfighter, neutral female human Wizard ------ #+...[.########### #|....|### # #.....G######e@#### ###|....| ### # # ----.- # ### #### #### # ## ## ----------### ### # |.........# ## ### . |........|# #### # |........-# # # # -----....| -+--.--# |....| |...<+|# |....| |....(|# ------ |.....-# |....*| ------- woodfighter the Thaumaturge Experience level: 7 Strength: 8 Dexterity: 10 Constitution: 12 Intelligence: 18 Wisdom: 18 Charisma: 9 Health: 0(38) Energy: 110(110) Def: 1 Gold: 191 Moves: 4167 Dungeon seed: aE5qShGeG-kXAoyQ Game ID: woodfighter_1455059245 Your Inventory: Coins $ - 191 gold pieces Weapons a - a blessed +1 quarterstaff (weapon in hands) Armor e - an uncursed +0 cloak of magic resistance (being worn) r - a cursed -1 pair of levitation boots z - a cursed -1 pair of fumble boots N - an uncursed +0 dwarvish cloak Comestibles O - 2 uncursed cram rations Q - an uncursed lembas wafer T - 3 uncursed food rations V - an uncursed lichen corpse Z - an uncursed candy bar Scrolls c - an uncursed scroll of scare monster f - an uncursed scroll of blank paper j - an uncursed scroll of remove curse q - an uncursed scroll of fire y - 2 uncursed scrolls of scare monster B - an uncursed scroll of earth E - an uncursed scroll of identify H - a cursed scroll of identify K - 2 uncursed scrolls of identify S - an uncursed scroll of teleportation Y - an uncursed scroll of water Potions b - an uncursed potion of extra healing g - a blessed potion of full healing o - an uncursed potion of see invisible A - an uncursed potion of sickness Wands d - a wand of nothing (0:5) l - a wand of create monster (0:13) F - a blessed wand of enlightenment (0:12) X - a wand of teleportation (0:3) Spells and supernatural/magical abilities: Name Level Category Fail Memory a - force bolt 1 attack 0% 80% x - extra healing 3 healing 77% 80% W - pray for help -- divine ? -- Your skills at the end: Miscellaneous Skills wands [Basic] Weapon Skills quarterstaff [Basic] Spellcasting Skills attack spells [Basic] enchantment spells [Basic] Final Attributes: You were devoutly aligned. You were magic-protected. You were telepathic. You are dead. Vanquished creatures: 5 small mimics a tengu a leprechaun an orc-captain 2 chickatrices 3 fire ants a yellow light 2 shriekers a gray ooze 2 floating eyes a dwarf a kobold lord an iguana a rothe a rabid rat a centipede 4 orc zombies 10 killer bees a hobbit 3 geckos 2 hobgoblins 4 cave spiders a brown mold 2 yellow molds 2 jackals a fox 3 kobolds 5 newts 2 goblins 3 sewer rats 4 grid bugs 8 lichens 80 creatures vanquished. Voluntary challenges: You did not adorn yourself with jewelry or accessories. You were an atheist. You used a wielded weapon 35 times, starting on turn 14. You did not apply a unicorn horn. You were illiterate. You never genocided any monsters. You never polymorphed an object. You never changed form. You used no wishes. You never split a pudding. You never wrote Elbereth's name. You never violated your personal moral code. Dungeon overview: The Dungeons of Doom: levels 1 to 8 Level 1 a fountain a long staircase Level 2 (vault) Level 3 Level 4 (locked box in shop) a general store stairs to The Gnomish Mines Level 5 a scroll shop, a fountain Level 6 (locked box) a scroll shop, a fountain Level 7 many fountains Level 8 <- You were here The Gnomish Mines: Level 5 stairs to The Dungeons of Doom History has recorded: On T:1 you entered the Dungeons of Doom to retrieve the Amulet of Yendor! On T:80 you reached level 2 of The Dungeons of Doom. On T:342 you advanced to experience level 2. On T:811 you reached level 3 of The Dungeons of Doom. On T:864 you advanced to experience level 3. On T:1409 you reached level 4 of The Dungeons of Doom. On T:1435 you reached level 1 of The Gnomish Mines. On T:1494 you reached level 5 of The Dungeons of Doom. On T:1666 you advanced to experience level 4. On T:2141 you reached level 6 of The Dungeons of Doom. On T:2209 you advanced to experience level 5. On T:2989 you reached level 7 of The Dungeons of Doom. On T:3032 you advanced to experience level 6. On T:3344 you advanced to experience level 7. On T:3680 you reached level 8 of The Dungeons of Doom. Score breakdown: Gold: 191 ( 19 points) Experience: 7 levels ( 600 points) Exploration: 8 levels ( 210 points) Discoveries: 4 items ( 200 points) Variety of kills: 32 monsters ( 1600 points) Major goal: (nothing yet) ( 0 points) Survival: died (score multiplied by 3) Total score: 7887 Latest messages: The killer bee just misses! You drop a copper spellbook. You drop a thick spellbook. You drop a blessed spellbook of force bolt. Your movements are now unencumbered. You hit the floating eye! As you meet its deep, meaningful gaze, you feel its suffering as though it were your own. You die... Final status: Goodbye woodfighter the Wizard, killed by vicarious suffering... You died in The Dungeons of Doom on dungeon level 8 with 7887 points, and 191 pieces of gold, after 4167 moves. You were level 7 with a maximum of 38 hit points when you died.